[Event "Titled Tuesday Blitz January 31 Early 2023"]
[White "Bochnicka, Vladimir"]
[Black "rikchessmx"]
[WhiteFideId "14943450"]
[WhiteElo "2327"]
[BlackElo "2329"]
[Result "1-0"]
[Round "07"]
[TimeControl "180+2"]
[Date "2023.01.31"]
[WhiteClock "0:00:16"]
[BlackClock "0:00:36"]

1. e4 c5 2. Nf3 e6 3. d4 cxd4 4. Nxd4 a6 5. c4 Qc7 6. a3 Nf6 7. Nc3 Bc5 8. Be3 h5 9. Rc1 Ng4 10. Bg5 Qe5 11. Nf3 Bxf2+ 12. Ke2 Qc7 13. h3 Qxc4+ 14. Qd3 Qxd3+ 15. Kxd3 Nf6 16. Bxf6 gxf6 17. Nd1 Nc6 18. Nxf2 b5 19. Kd2 Bb7 20. Nd3 Na5 21. Nc5 Bxe4 22. Nxe4 Nb3+ 23. Kd1 Nxc1 24. Kxc1 f5 25. Ned2 Ke7 26. Bd3 Rhg8 27. Rg1 Rac8+ 28. Kd1 Rg7 29. Ke2 Kf6 30. Kf2 e5 31. Be2 d5 32. Re1 Rgg8 33. Nxe5 Kxe5 34. Bxb5+ Kf6 35. Bxa6 Rc2 36. Re2 Kg6 37. b4 Ra2 38. Nb1 Ra1 39. Bd3 Kf6 40. b5 Rc8 41. b6 Rb8 42. Rb2 Ke5 43. Ke3 f4+ 44. Kd2 Kd4 45. Rb4+ Kc5 46. Kc2 Rxb6 47. Rxb6 Kxb6 48. Kb2 Rxb1+ 49. Bxb1 Kb5 50. Kb3 Kc5 51. Kc3 d4+ 52. Kd3 Kd5 53. a4 f3 54. gxf3 f5 55. a5 f4 56. a6 Kc6 57. Ba2 Kb6 58. Bc4 h4 59. Kxd4 1-0


[Site "https://www.chess.com"]

[Event "Titled Tuesday Blitz January 31 Early 2023"]
[White "Ramirez Allo, Eduardo"]
[Black "Lopez Idarraga, Daniel Eduardo"]
[WhiteFideId "2224178"]
[BlackFideId "4405501"]
[WhiteElo "2274"]
[BlackElo "2009"]
[Result "1-0"]
[Round "07"]
[TimeControl "180+2"]
[Date "2023.01.31"]
[WhiteClock "0:02:46"]
[BlackClock "0:02:42"]

1. Nf3 Nf6 2. g3 d5 3. Bg2 e6 4. O-O Be7 5. d4 O-O 6. c4 dxc4 7. Qc2 b5 8. a4 c6 9. axb5 cxb5 10. Ng5 h6 11. Bxa8 hxg5 12. Rxa7 Qxd4 13. Rxe7 1-0


[Site "https://www.chess.com"]

[Event "Titled Tuesday Blitz January 31 Early 2023"]
[White "Dwilewicz, Katarzyna"]
[Black "Mohammed, Zozek Salah Mohammed"]
[WhiteFideId "1148486"]
[BlackFideId "4803361"]
[WhiteElo "2115"]
[BlackElo "2210"]
[Result "0-1"]
[Round "07"]
[TimeControl "180+2"]
[Date "2023.01.31"]
[WhiteClock "0:00:09"]
[BlackClock "0:01:08"]

1. e4 e6 2. d4 d5 3. e5 c5 4. c3 Nc6 5. Nf3 Qb6 6. Be2 Bd7 7. O-O cxd4 8. cxd4 Nh6 9. Bxh6 Qxb2 10. Nbd2 gxh6 11. Rb1 Qxa2 12. Rxb7 Rb8 13. Rxb8+ Nxb8 14. Qc1 Be7 15. Nb1 Qxe2 16. Qxh6 Qe4 17. Rc1 Qg6 18. Qd2 O-O 19. Nc3 Kh8 20. Ne2 Nc6 21. Nf4 Qg4 22. h3 Qf5 23. Kh2 a5 24. g4 Qe4 25. Kg3 Bb4 26. Qb2 f6 27. Nh5 fxe5 28. Nxe5 Nxe5 29. dxe5 Rf3+ 30. Kh2 d4 31. Rc7 Qxe5+ 32. Kg2 Qxc7 33. Kxf3 Qc3+ 0-1


[Site "https://www.chess.com"]

[Event "Titled Tuesday Blitz January 31 Early 2023"]
[White "Rian, Kapriaga"]
[Black "Girya, Olga"]
[WhiteFideId "7103263"]
[BlackFideId "4195752"]
[WhiteElo "2089"]
[BlackElo "2402"]
[Result "0-1"]
[Round "07"]
[TimeControl "180+2"]
[Date "2023.01.31"]
[WhiteClock "0:00:02"]
[BlackClock "0:00:02"]

1. d4 Nf6 2. Nf3 d5 3. Bf4 c5 4. e3 Nc6 5. Nbd2 cxd4 6. exd4 Qb6 7. Nb3 Bg4 8. Be2 e6 9. O-O Bxf3 10. Bxf3 Qd8 11. c3 Bd6 12. Bg5 h6 13. Bh4 Ne7 14. Bg3 Nf5 15. Bxd6 Nxd6 16. Re1 O-O 17. Nc5 a5 18. a4 b6 19. Nd3 Nc4 20. Qe2 Qc7 21. Rac1 Rab8 22. b3 Nd6 23. c4 dxc4 24. bxc4 Nf5 25. d5 Rfe8 26. Qb2 Nh4 27. Be2 exd5 28. cxd5 Qd6 29. g3 Ng6 30. Bf3 Rxe1+ 31. Nxe1 Nxd5 32. Rd1 Qb4 33. Qc2 Nc3 34. Rc1 Nxa4 35. Bd5 Ne7 36. Ba2 Rc8 37. Qd1 Rxc1 38. Qxc1 Nc3 39. Qc2 Nxa2 40. Qxa2 Qxe1+ 41. Kg2 Qe4+ 42. f3 Qd5 43. Qe2 Nf5 44. Kh3 Kh7 45. Qc2 g6 46. Qc7 Nd6 47. Qd7 a4 48. g4 a3 49. Kh4 g5+ 50. Kh5 Qxf3 0-1


[Site "https://www.chess.com"]

[Event "Titled Tuesday Blitz January 31 Early 2023"]
[White "Turzo, Attila"]
[Black "Levitan, Caleb Levi"]
[WhiteFideId "704954"]
[BlackFideId "14332620"]
[WhiteElo "2279"]
[BlackElo "2129"]
[Result "1-0"]
[Round "07"]
[TimeControl "180+2"]
[Date "2023.01.31"]
[WhiteClock "0:00:57"]
[BlackClock "0:00:04"]

1. d4 Nf6 2. c4 e6 3. Nf3 d5 4. Nc3 Bb4 5. Bg5 c6 6. e3 h6 7. Bxf6 Qxf6 8. Bd3 O-O 9. O-O Bxc3 10. bxc3 dxc4 11. Bxc4 c5 12. e4 Nc6 13. Qd2 Rd8 14. Rad1 cxd4 15. cxd4 Nxd4 16. Nxd4 e5 17. Bd5 exd4 18. Qxd4 Qxd4 19. Rxd4 Be6 20. Rfd1 Bxd5 21. Rxd5 Rxd5 22. Rxd5 Rc8 23. g4 Rc2 24. Rd8+ Kh7 25. Rd7 Rxa2 26. Rxf7 b5 27. Rb7 a6 28. Kg2 Kg6 29. Kg3 Kf6 30. f4 Ra3+ 31. Kf2 Ra2+ 32. Ke3 Ra3+ 33. Kd4 Ra2 34. e5+ Kg6 35. f5+ Kg5 36. Rxg7+ Kf4 37. e6 b4 38. f6 b3 39. f7 Rd2+ 40. Kc3 Ke3 41. f8=Q b2 42. Qc5+ Ke2 43. Rb7 b1=N+ 44. Rxb1 a5 45. Qe5+ Kf2 46. Kxd2 h5 47. Qg3# 1-0


[Site "https://www.chess.com"]

[Event "Titled Tuesday Blitz January 31 Early 2023"]
[White "Zong, Davis"]
[Black "Matveeva, Olga"]
[WhiteFideId "30903955"]
[BlackFideId "24107018"]
[WhiteElo "2151"]
[BlackElo "2128"]
[Result "1-0"]
[Round "07"]
[TimeControl "180+2"]
[Date "2023.01.31"]
[WhiteClock "0:00:24"]
[BlackClock "0:00:19"]

1. e4 e6 2. Nf3 d5 3. exd5 exd5 4. d4 Nf6 5. Bd3 c5 6. O-O c4 7. Re1+ Be7 8. Bf1 O-O 9. b3 cxb3 10. axb3 Bg4 11. h3 Bh5 12. g4 Bg6 13. Ne5 Nc6 14. Nxg6 fxg6 15. Bg2 Kh8 16. Nc3 Bd6 17. Bg5 h6 18. Be3 a6 19. g5 Ne4 20. Nxe4 dxe4 21. gxh6 Qh4 22. Qg4 Qxg4 23. hxg4 gxh6 24. Bxh6 Rfe8 25. Bg5 Kg7 26. c3 b5 27. Bxe4 Rac8 28. Rxa6 1-0


[Site "https://www.chess.com"]

[Event "Titled Tuesday Blitz January 31 Early 2023"]
[White "Pavlidou, Ekaterini"]
[Black "Khamdamova, Afruza"]
[WhiteFideId "4213262"]
[BlackFideId "14210444"]
[WhiteElo "2088"]
[BlackElo "2162"]
[Result "0-1"]
[Round "07"]
[TimeControl "180+2"]
[Date "2023.01.31"]
[WhiteClock "0:00:16"]
[BlackClock "0:00:04"]

1. d4 Nf6 2. c4 e6 3. Nf3 d5 4. g3 dxc4 5. Bg2 c5 6. O-O Nc6 7. e3 cxd4 8. exd4 Nd5 9. Re1 Be7 10. a3 O-O 11. Qc2 b5 12. Nbd2 Bb7 13. Ne4 Rc8 14. Bg5 h6 15. Bxe7 Ncxe7 16. Nc5 Ba8 17. Rad1 Nc6 18. Ne4 Qc7 19. h4 Rfd8 20. Qe2 Nce7 21. Nc5 Nf5 22. Bh3 Nxg3 23. fxg3 Qxg3+ 24. Qg2 Qc7 25. Nxe6 fxe6 26. Bxe6+ Kh8 27. Ne5 Nf4 28. Qg3 Nxe6 29. Ng6+ Kg8 30. Qxc7 Rxc7 31. Rxe6 Kf7 32. Nf4 Rcd7 33. Rf1 g5 34. hxg5 hxg5 35. Re5 gxf4 36. Rxf4+ Kg8 37. Kf2 Rg7 38. Ref5 Bd5 39. Rf6 a5 40. a4 b4 41. R6f5 c3 42. bxc3 bxc3 43. Ke3 c2 44. Kd2 Rc8 45. Rf1 Be6 46. Kc1 Bxf5 0-1


[Site "https://www.chess.com"]

[Event "Titled Tuesday Blitz January 31 Early 2023"]
[White "Valle Maytin, Luis Enrique"]
[Black "Liimatainen, Jero"]
[WhiteFideId "3503666"]
[BlackFideId "509531"]
[WhiteElo "2241"]
[BlackElo "1948"]
[Result "1-0"]
[Round "07"]
[TimeControl "180+2"]
[Date "2023.01.31"]
[WhiteClock "0:00:10"]
[BlackClock "0:00:53"]

1. e4 c5 2. Nf3 d6 3. d4 cxd4 4. Nxd4 Nf6 5. Nc3 Nc6 6. Be2 e5 7. Ndb5 a6 8. Na3 b5 9. Nd5 Nxd5 10. exd5 Ne7 11. O-O g6 12. c4 b4 13. Nc2 Rb8 14. f4 exf4 15. Bxf4 Bg7 16. Nd4 O-O 17. Kh1 Rb7 18. Nc6 Qe8 19. Bxd6 Nxc6 20. dxc6 Qxc6 21. Bxf8 Bxf8 22. Bf3 Qxc4 23. Bxb7 Bxb7 24. Qd7 Bd5 25. Rae1 Be6 26. Qd2 Qxa2 27. Rf6 a5 28. h3 a4 29. Rexe6 fxe6 30. Qd8 1-0


[Site "https://www.chess.com"]

[Event "Titled Tuesday Blitz January 31 Early 2023"]
[White "Alfaro, William"]
[Black "matenitian"]
[WhiteFideId "6100457"]
[WhiteElo "2134"]
[BlackElo "2434"]
[Result "1-0"]
[Round "07"]
[TimeControl "180+2"]
[Date "2023.01.31"]
[WhiteClock "0:01:22"]
[BlackClock "0:00:14"]

1. e4 e5 2. Nf3 Nc6 3. Bc4 Nf6 4. O-O Bc5 5. c3 d6 6. d3 a6 7. Bb3 Ba7 8. Nbd2 O-O 9. Re1 Ng4 10. Re2 Be6 11. Bc2 Bxf2+ 12. Rxf2 Ne3 13. Qe2 Nxc2 14. Rb1 Bxa2 15. b4 Bxb1 16. Nxb1 N2xb4 17. cxb4 Nxb4 18. Ng5 h6 19. Nh3 Qd7 20. Nc3 a5 21. Rf5 Nc6 22. Qg4 Nd4 23. Nd5 Nxf5 24. Nf6+ Kh8 25. Nxd7 Ne7 26. Nxf8 Rxf8 27. Qd7 Ng6 28. Qxc7 1-0


[Site "https://www.chess.com"]

[Event "Titled Tuesday Blitz January 31 Early 2023"]
[White "Pace, Christopher"]
[Black "Delorme, Axel"]
[WhiteFideId "2610167"]
[BlackFideId "632023"]
[WhiteElo "2053"]
[BlackElo "2483"]
[Result "0-1"]
[Round "07"]
[TimeControl "180+2"]
[Date "2023.01.31"]
[WhiteClock "0:00:05"]
[BlackClock "0:00:18"]

1. d4 d5 2. c4 e6 3. Nc3 c5 4. cxd5 exd5 5. Nf3 Nc6 6. g3 Nf6 7. Bg2 cxd4 8. Nxd4 Bc5 9. Nb3 Bb6 10. Nxd5 Be6 11. Nxf6+ Qxf6 12. O-O Rd8 13. Qc2 O-O 14. Bf4 Rfe8 15. Rad1 Rxd1 16. Rxd1 Bxb3 17. Qxb3 Nd4 18. Qa4 Nxe2+ 19. Kf1 Qe6 20. Bd5 Qe7 21. Bd6 Qd8 22. Ba3 Qc8 23. Qb3 Qf5 24. Bg2 Qxf2# 0-1


[Site "https://www.chess.com"]

[Event "Titled Tuesday Blitz January 31 Early 2023"]
[White "Seresin, Francesco"]
[Black "Rose, Felix"]
[WhiteFideId "886335"]
[BlackFideId "5105722"]
[WhiteElo "2348"]
[BlackElo "2091"]
[Result "1-0"]
[Round "07"]
[TimeControl "180+2"]
[Date "2023.01.31"]
[WhiteClock "0:00:59"]
[BlackClock "0:00:07"]

1. d4 d5 2. c4 e6 3. Nf3 Nf6 4. Nc3 Be7 5. Bg5 Nbd7 6. e3 h6 7. Bxf6 Nxf6 8. Qc2 O-O 9. O-O-O c6 10. cxd5 cxd5 11. Kb1 Qa5 12. Rc1 Bd7 13. Bd3 Rfc8 14. Qb3 a6 15. Ne5 b5 16. Ne2 b4 17. Nxd7 Nxd7 18. Rxc8+ Rxc8 19. Rc1 Rxc1+ 20. Nxc1 Nb6 21. Qc2 Bf8 22. Nb3 Qa4 23. Qc7 Nd7 24. Qb7 a5 25. Qc7 Nf6 26. Qxa5 Qc6 27. f3 Qd6 28. g3 e5 29. Qa6 Qb8 30. dxe5 Qxe5 31. Qa7 h5 32. Qd4 Qd6 33. Nc1 h4 34. Ne2 hxg3 35. hxg3 Qc7 36. Qf4 Qa7 37. g4 Bc5 38. Nd4 Bxd4 39. Qxd4 Qxd4 40. exd4 Kf8 41. a4 bxa3 42. bxa3 Ke7 43. a4 Kd6 44. Kc2 Kc6 45. a5 g5 46. Kd2 Ne8 47. Ke3 Nd6 48. f4 f6 49. fxg5 fxg5 50. Kd2 Nb7 51. a6 Nd6 52. Kc3 Kb6 53. Kb4 Nc8 54. Bf1 Na7 55. Bg2 Kxa6 56. Bxd5 Kb6 57. Be4 Kc7 58. Kc5 Nc8 59. Kd5 Kd8 60. Ke5 Ke7 61. Bf5 Nd6 62. d5 Nb5 63. Bc8 Nd6 64. Be6 Nc4+ 65. Kf5 Ne3+ 66. Kxg5 Nc4 67. Kf5 Nd6+ 68. Kg6 Ne4 69. g5 Kd6 70. Kf5 Ng3+ 71. Kg4 Ne4 72. g6 Ke7 73. g7 Nf6+ 74. Kf5 Nh5 75. g8=Q Kd6 76. Qd8+ Kc5 77. Qg5 1-0


[Site "https://www.chess.com"]

[Event "Titled Tuesday Blitz January 31 Early 2023"]
[White "Martin, Lewis"]
[Black "Devaev, Alexander"]
[WhiteFideId "410551"]
[BlackFideId "4169395"]
[WhiteElo "2135"]
[BlackElo "2325"]
[Result "0-1"]
[Round "07"]
[TimeControl "180+2"]
[Date "2023.01.31"]
[WhiteClock "0:00:03"]
[BlackClock "0:00:08"]

1. e4 c6 2. b3 d5 3. exd5 cxd5 4. Bb2 Nc6 5. Nf3 Bg4 6. Bb5 e6 7. O-O a6 8. Bxc6+ bxc6 9. d4 Nf6 10. Nbd2 Bd6 11. Re1 Qb8 12. h3 Bh5 13. c4 O-O 14. Qc2 Bg6 15. Qc1 Nd7 16. Ba3 a5 17. Ne5 Nxe5 18. dxe5 Bb4 19. Bxb4 Qxb4 20. a3 Qb7 21. Qc3 Rfb8 22. c5 h6 23. Ra2 Qa7 24. Rb2 Rb5 25. Rc1 Rab8 26. Nf3 Rc8 27. Nd4 Rb7 28. f4 Be4 29. g4 Re7 30. b4 axb4 31. axb4 Qa6 32. b5 cxb5 33. Rxb5 Ra7 34. c6 Qa4 35. Rb4 Qa5 36. Rb7 Qa4 37. Qb4 Qa2 38. Qb2 Qa6 39. Rb8 Ra8 40. Rxa8 Rxa8 41. c7 Kh7 42. Qb8 Qd3 43. Qxa8 Qxd4+ 44. Kh2 Qf2# 0-1


[Site "https://www.chess.com"]

[Event "Titled Tuesday Blitz January 31 Early 2023"]
[White "Lobachev, Yury"]
[Black "Fernandez Garcia, Gumersindo"]
[WhiteFideId "24138177"]
[BlackFideId "24516740"]
[WhiteElo "2345"]
[BlackElo "2160"]
[Result "1-0"]
[Round "07"]
[TimeControl "180+2"]
[Date "2023.01.31"]
[WhiteClock "0:00:15"]
[BlackClock "0:00:35"]

1. c4 e5 2. Nc3 Nf6 3. g3 c6 4. Bg2 d5 5. cxd5 cxd5 6. d4 e4 7. Bg5 Nbd7 8. e3 h6 9. Bxf6 Nxf6 10. Nge2 Bd6 11. O-O O-O 12. Qb3 Bb8 13. Rac1 b6 14. Nf4 Bxf4 15. exf4 Bb7 16. Nd1 Rc8 17. Ne3 Qd7 18. h4 Rxc1 19. Rxc1 Rc8 20. Rc3 Rxc3 21. bxc3 Ba6 22. Kh2 Qc6 23. Nf5 Qc7 24. Qa3 Bd3 25. Bh3 Kh7 26. Qf8 Nh5 27. Bg4 e3 28. fxe3 Bxf5 29. Bxf5+ g6 30. Bg4 Ng7 31. Qb4 h5 32. Bh3 a5 33. Qb3 Qe7 34. Qxd5 Qxe3 35. Qxf7 Qd2+ 36. Bg2 Qxc3 37. Bd5 Qd2+ 38. Kh3 Kh6 39. Qg8 g5 40. fxg5+ Kg6 41. Be4# 1-0


[Site "https://www.chess.com"]

[Event "Titled Tuesday Blitz January 31 Early 2023"]
[White "Oglaza, Oskar"]
[Black "Ivanova, Karina"]
[WhiteFideId "1194402"]
[BlackFideId "24139750"]
[WhiteElo "2304"]
[BlackElo "2085"]
[Result "0-1"]
[Round "07"]
[TimeControl "180+2"]
[Date "2023.01.31"]
[WhiteClock "0:01:02"]
[BlackClock "0:02:08"]

1. e4 c6 2. d4 d5 3. Nc3 dxe4 4. Nxe4 Bf5 5. Ng3 Bg6 6. h4 h6 7. Nf3 Nd7 8. h5 Bh7 9. Bd3 Bxd3 10. Qxd3 e6 11. Bd2 Qc7 12. O-O-O Ngf6 13. Ne4 O-O-O 14. g3 Be7 15. Bf4 Qa5 16. a3 Qf5 17. Nd6+ Bxd6 18. Qxf5 exf5 19. Bxd6 Ne4 20. Be5 f6 21. Bf4 Nxf2 22. Nd2 Nxh1 23. Rxh1 Nb6 24. c3 Nd5 25. Rf1 Rhe8 26. Nc4 Nxf4 27. Rxf4 Re4 28. Rxf5 Rg4 29. Rf3 Rg5 0-1


[Site "https://www.chess.com"]

[Event "Titled Tuesday Blitz January 31 Early 2023"]
[White "Sowul, Bartosz"]
[Black "Tuleyeva-Aketayeva, Dana"]
[WhiteFideId "1137590"]
[BlackFideId "13701932"]
[WhiteElo "2269"]
[BlackElo "2130"]
[Result "1-0"]
[Round "07"]
[TimeControl "180+2"]
[Date "2023.01.31"]
[WhiteClock "0:00:47"]
[BlackClock "0:00:02"]

1. e4 c5 2. Nf3 Nc6 3. Bb5 g6 4. Bxc6 dxc6 5. d3 Bg7 6. h3 Nf6 7. Nc3 O-O 8. Be3 b6 9. Qd2 Re8 10. O-O-O c4 11. dxc4 Qxd2+ 12. Rxd2 Be6 13. b3 Nd7 14. Bd4 Bh6 15. Be3 Bg7 16. Ne2 Nc5 17. Bxc5 bxc5 18. Kb1 Bh6 19. Rd3 f5 20. e5 a5 21. Nc3 g5 22. Na4 Rab8 23. Ka1 Bg7 24. Re1 g4 25. Ng5 Bc8 26. Nxc5 e6 27. hxg4 Bh6 28. Nf3 fxg4 29. Nd4 Bf8 30. Ne4 Bg7 31. Nd6 Rd8 32. Nxc6 Ba6 33. Nxb8 Rxb8 34. c3 Rd8 35. Rd4 h5 36. c5 Kf8 37. c6 Ke7 38. c7 Rf8 39. Rd2 1-0


[Site "https://www.chess.com"]

[Event "Titled Tuesday Blitz January 31 Early 2023"]
[White "Belenkaya, Dina"]
[Black "Oro, Faustino"]
[WhiteFideId "24142654"]
[BlackFideId "20000197"]
[WhiteElo "2267"]
[BlackElo "2269"]
[Result "0-1"]
[Round "07"]
[TimeControl "180+2"]
[Date "2023.01.31"]
[WhiteClock "0:00:01"]
[BlackClock "0:00:15"]

1. Nf3 Nf6 2. g3 g6 3. Bg2 Bg7 4. d3 d5 5. Nbd2 O-O 6. O-O Nc6 7. Re1 e5 8. e4 Re8 9. c3 h6 10. Qc2 Be6 11. Nf1 Qd7 12. Rd1 Rad8 13. Ne3 Qc8 14. Bd2 a6 15. Be1 Rd7 16. h3 Red8 17. Kh2 Bf8 18. a3 a5 19. b4 d4 20. b5 Na7 21. cxd4 exd4 22. Nc4 Nxb5 23. Bxa5 b6 24. Bb4 Bxb4 25. axb4 Nc3 26. Rd2 Qb7 27. Nce5 Rd6 28. Nxd4 Ncxe4 29. Nxe6 Rxe6 30. Ng4 Rc6 31. Nxf6+ Rxf6 32. Bxe4 c6 33. Re2 Qc7 34. Bg2 c5 35. Rae1 Kg7 36. bxc5 bxc5 37. Re5 Qd6 38. Rxc5 Qd4 39. f4 Rb6 40. Re2 Kg8 41. Be4 Rbb8 42. Qc3 Qa4 43. Qc4 Rb4 44. Qc3 Rb3 45. Qc4 Qa3 46. Bxg6 Rf8 0-1


[Site "https://www.chess.com"]

[Event "Titled Tuesday Blitz January 31 Early 2023"]
[White "Mangialardo, Tiago Carvalho"]
[Black "Shuvalov, Evgenij"]
[WhiteFideId "2130718"]
[BlackFideId "4187237"]
[WhiteElo "1965"]
[BlackElo "2038"]
[Result "0-1"]
[Round "07"]
[TimeControl "180+2"]
[Date "2023.01.31"]
[WhiteClock "0:00:12"]
[BlackClock "0:00:18"]

1. e4 e6 2. d4 d5 3. exd5 exd5 4. Nf3 Nf6 5. Bd3 c5 6. c3 Nc6 7. O-O c4 8. Bc2 Be7 9. Bf4 Bg4 10. Nbd2 O-O 11. Re1 Bh5 12. Nf1 Bg6 13. Bxg6 hxg6 14. Qc2 Ne4 15. Ng3 f5 16. Ne5 g5 17. Bd2 Nxe5 18. dxe5 Bc5 19. Re2 Qe7 20. Nxe4 fxe4 21. Rd1 Qxe5 22. Be3 Bxe3 23. Rxe3 Rf5 24. f3 Qf4 25. Qd2 exf3 26. Rxf3 Qxd2 27. Rxd2 Rxf3 28. gxf3 Rd8 29. Kf2 Kf7 30. Ke3 Ke6 31. Kd4 Rf8 32. Re2+ Kd6 33. Rf2 Re8 34. Rg2 Re5 35. a4 b6 36. Rf2 g4 37. Rg2 gxf3 38. Rg6+ Re6 39. Rxg7 Re4# 0-1


[Site "https://www.chess.com"]

[Event "Titled Tuesday Blitz January 31 Early 2023"]
[White "Cueto, Jonny"]
[Black "Mkrtchian, Lilit"]
[WhiteFideId "3300145"]
[BlackFideId "13300601"]
[WhiteElo "2122"]
[BlackElo "2389"]
[Result "0-1"]
[Round "07"]
[TimeControl "180+2"]
[Date "2023.01.31"]
[WhiteClock "0:00:13"]
[BlackClock "0:00:11"]

1. d4 Nf6 2. Bf4 c5 3. d5 g6 4. Nc3 Bg7 5. e4 d6 6. Bb5+ Nbd7 7. a4 a6 8. Be2 O-O 9. Nf3 Rb8 10. O-O b5 11. axb5 axb5 12. Nd2 b4 13. Nb5 Ne8 14. Qc1 Ne5 15. c4 Nc7 16. Nxc7 Qxc7 17. Nb3 f5 18. exf5 Bxf5 19. Bh6 e6 20. Bxg7 Qxg7 21. Qd2 exd5 22. Qxd5+ Nf7 23. Ra7 Qxb2 24. Bd1 Rbe8 25. Na5 Be6 26. Qc6 Qd4 27. Qc7 Bxc4 28. Nxc4 Qxc4 29. Ba4 Re2 30. Qb7 Qd4 31. Bc6 Re5 32. Bf3 c4 33. Rd1 Qxd1+ 0-1


[Site "https://www.chess.com"]

[Event "Titled Tuesday Blitz January 31 Early 2023"]
[White "Vaglio Munoz, Jaime"]
[Black "Jiganchine, Roman"]
[WhiteFideId "6500145"]
[BlackFideId "2603667"]
[WhiteElo "2174"]
[BlackElo "2205"]
[Result "1-0"]
[Round "07"]
[TimeControl "180+2"]
[Date "2023.01.31"]
[WhiteClock "0:01:11"]
[BlackClock "0:00:02"]

1. d4 d5 2. c4 e6 3. Nc3 Nf6 4. Bg5 c5 5. e3 cxd4 6. exd4 Be7 7. Nf3 O-O 8. c5 b6 9. cxb6 Qxb6 10. Rb1 Nc6 11. Be2 h6 12. Be3 Ne4 13. O-O Ba6 14. Bxa6 Qxa6 15. Nxe4 dxe4 16. Nd2 Qd3 17. Nb3 Nb4 18. a3 Qxd1 19. Rfxd1 Nd3 20. f3 Rab8 21. Nc5 Nxc5 22. dxc5 Rb3 23. Kf2 Rc8 24. Rdc1 exf3 25. gxf3 Rc6 26. Ke2 a5 27. Rc4 Bg5 28. Bd4 Bf6 29. Bxf6 gxf6 30. f4 Kf8 31. Kd2 Ke7 32. Kc2 Rf3 33. b4 axb4 34. axb4 Rf2+ 35. Kb3 Rxh2 36. b5 Rc8 37. Ra1 Rh3+ 38. Kb4 Rh2 39. Ra7+ Kf8 40. c6 Rb2+ 41. Kc5 Rb8 42. c7 1-0


[Site "https://www.chess.com"]

[Event "Titled Tuesday Blitz January 31 Early 2023"]
[White "SicilianPanzer"]
[Black "Martinez, Shawn"]
[BlackFideId "2039770"]
[WhiteElo "2195"]
[BlackElo "1881"]
[Result "1-0"]
[Round "07"]
[TimeControl "180+2"]
[Date "2023.01.31"]
[WhiteClock "0:00:07"]
[BlackClock "0:00:08"]

1. d4 Nf6 2. c4 g6 3. h3 Bg7 4. Nc3 d6 5. e4 O-O 6. Be3 Nbd7 7. Nge2 e5 8. d5 a5 9. g4 b6 10. Ng3 Nc5 11. Be2 Bd7 12. h4 Ne8 13. h5 f5 14. gxf5 gxf5 15. exf5 Bxf5 16. Nxf5 Rxf5 17. Qc2 Rf7 18. O-O-O Kh8 19. Rdg1 Qf6 20. h6 Bf8 21. Rh5 c6 22. Rhg5 Bg7 23. hxg7+ Kg8 24. Rh5 Rxg7 25. Qxh7+ Kf7 26. Rxg7+ Qxg7 27. Rf5+ Nf6 28. Qxg7+ Kxg7 29. dxc6 Kg6 30. Rg5+ Kf7 31. Nd5 Nfe4 32. Rh5 Rg8 33. Rh7+ Ke6 34. c7 Nd7 35. Nxb6 Ndf6 36. Rh6 Kf5 37. c8=Q+ Rxc8 38. Nxc8 d5 39. cxd5 Nxd5 40. Bd3 Nf6 41. Rxf6+ Kxf6 42. Bxe4 Ke6 43. Nb6 Kd6 44. Nc4+ Ke6 45. Nxa5 Kd6 46. Nc4+ Ke6 47. Nxe5 Kxe5 48. f3 Kd6 49. a4 Kc7 50. a5 Kb8 51. a6 Kc8 52. a7 Kc7 53. a8=Q 1-0


[Site "https://www.chess.com"]

[Event "Titled Tuesday Blitz January 31 Early 2023"]
[White "Mitrovic, Darko R"]
[Black "Szente Varga, Fruzsina"]
[WhiteFideId "927023"]
[BlackFideId "712264"]
[WhiteElo "2220"]
[BlackElo "2075"]
[Result "1-0"]
[Round "07"]
[TimeControl "180+2"]
[Date "2023.01.31"]
[WhiteClock "0:00:07"]
[BlackClock "0:00:20"]

1. d4 Nf6 2. Nf3 g6 3. g3 Bg7 4. Bg2 O-O 5. O-O d5 6. b3 c5 7. Bb2 Ne4 8. Nbd2 Nc6 9. c3 cxd4 10. cxd4 Qb6 11. e3 Bg4 12. h3 Bd7 13. Nxe4 dxe4 14. Nd2 f5 15. Nc4 Qd8 16. d5 Bxb2 17. Nxb2 Nb4 18. a3 Na6 19. Qd4 Bb5 20. Rfc1 Qd7 21. a4 Bd3 22. Nxd3 exd3 23. Qxd3 Rac8 24. d6 exd6 25. Qd5+ Kh8 26. Qd4+ Qg7 27. Qxg7+ Kxg7 28. Rxc8 Rxc8 29. Bxb7 Rb8 30. Bxa6 Rxb3 31. Bb5 Kf6 32. Rd1 Ke5 33. Kg2 Rb4 34. Rc1 a6 35. Bxa6 Rxa4 36. Be2 Ra2 37. Bf3 g5 38. g4 f4 39. exf4+ Kxf4 40. Rd1 Ke5 41. Rd5+ Ke6 42. Rxg5 Rd2 43. Rh5 d5 44. Bxd5+ Kf6 45. Rf5+ Kg6 46. Be4 Kg7 47. Kg3 Ra2 48. f3 Ra3 49. Rd5 Kf6 50. h4 h6 51. Rd6+ Kg7 52. Rg6+ Kf7 53. Rxh6 Rc3 54. Rh7+ Kf6 55. Rh5 Ra3 56. Rf5+ Ke6 57. h5 Ra1 58. h6 Rh1 59. Rh5 Rg1+ 60. Kf2 Ra1 61. h7 Ra2+ 62. Kg3 Kf6 63. h8=Q+ 1-0


[Site "https://www.chess.com"]

[Event "Titled Tuesday Blitz January 31 Early 2023"]
[White "Erdogmus, Yagiz Kaan"]
[Black "Cramling Bellon, Anna"]
[WhiteFideId "44599790"]
[BlackFideId "32009232"]
[WhiteElo "2470"]
[BlackElo "2043"]
[Result "1-0"]
[Round "07"]
[TimeControl "180+2"]
[Date "2023.01.31"]
[WhiteClock "0:01:25"]
[BlackClock "0:00:01"]

1. b3 e5 2. Bb2 Nc6 3. g3 Nf6 4. Bg2 Bd6 5. Nf3 O-O 6. O-O e4 7. Ng5 Qe7 8. Nc3 Be5 9. f4 Bxc3 10. Bxc3 d5 11. e3 h6 12. Nh3 Bf5 13. Nf2 Qe6 14. h3 d4 15. exd4 e3 16. dxe3 Qxe3 17. Qf3 Qxf3 18. Bxf3 Bxc2 19. d5 Ne7 20. Bxf6 gxf6 21. Rac1 Bg6 22. Rxc7 Nf5 23. Ne4 Rac8 24. Rfc1 Rxc7 25. Rxc7 Rd8 26. Nxf6+ Kg7 27. Ng4 Nxg3 28. Ne5 Nf5 29. Be4 Nh4 30. f5 Nxf5 31. Bxf5 Rxd5 32. Bxg6 Rxe5 33. Bxf7 Kf6 34. Bc4 Re1+ 35. Kf2 Rh1 36. Kg2 Rb1 37. a4 Rb2+ 38. Kf3 a5 39. Rxb7 Rc2 40. Rb6+ Ke5 41. Rb5+ Kd4 42. Rxa5 Rc3+ 43. Kg4 Ke3 44. Re5+ Kf2 45. Re2+ Kg1 46. a5 1-0


[Site "https://www.chess.com"]

[Event "Titled Tuesday Blitz January 31 Early 2023"]
[White "Jovic, Stanoje"]
[Black "Ciuffoletti, Paolo"]
[WhiteFideId "905020"]
[BlackFideId "807630"]
[WhiteElo "2075"]
[BlackElo "2106"]
[Result "1-0"]
[Round "07"]
[TimeControl "180+2"]
[Date "2023.01.31"]
[WhiteClock "0:01:30"]
[BlackClock "0:00:21"]

1. c4 g6 2. g3 Bg7 3. Bg2 e5 4. Nc3 d6 5. Nf3 f5 6. d3 Nf6 7. Rb1 a5 8. a3 O-O 9. b4 axb4 10. axb4 Nh5 11. e4 f4 12. d4 Bg4 13. dxe5 Bxe5 14. Qd5+ Kh8 15. Nxe5 dxe5 16. Qxe5+ Qf6 17. Qxf6+ Rxf6 18. Nd5 Rf7 19. gxf4 c6 20. h3 cxd5 21. hxg4 Nxf4 22. Bxf4 Rxf4 23. cxd5 Ra2 24. O-O Rxg4 25. Rbc1 Na6 26. b5 Nb4 27. d6 Nd3 28. d7 Ra8 29. Rc8+ 1-0


[Site "https://www.chess.com"]